AoeStats
← cccccccccc

Black Forest

509845911Analyzed
4v4 RM · 3d ago on Sep 28, 2026· 56m 17s· 8 players
Game mode
Random Map
Map size
Large (8 player)
Population
200
Speed
Normal
Resources
Standard
Victory
Conquest
Starting age
Dark Age
Ending age
Imperial Age
RankedLock teamsTeams togetherTeam positionsShared explorationLock speedFull tech treeHidden civsTurbo modeCheats
Victory
Defeat
1487
+14
🇹🇼 Danes · Taiwan
1477
+14
🇹🇼 Khmer · Taiwan
1451
+15
🇦🇷 Byzantines · Argentina
1350
+20
🇹🇷 Berbers · Türkiye
1491
-18
🇨🇳 Khmer · China
1439
-16
🇮🇳 Bohemians · India
1425
-15
🇩🇪 Saxons · Germany
1396
-14
CHICKEN
5:50 Loom
12:08 Feudal Age
13:06 Double-Bit Axe
13:04 Horse Collar
15:50 Castle Age
17:22 Bow Saw
17:15 Heavy Plow
24:49 Wheelbarrow
24:00 Town Watch
28:57 Imperial Age
26:01 Pikeman
26:42 Squires
26:28 Arson
28:19 Hand Cart
28:04 Town Patrol
28:54 Ballistics
29:34 Chemistry
29:28 Scale Mail Armor
29:38 Forging
29:52 Siege Engineers
29:10 Halberdier
31:34 Chain Mail Armor
31:55 Iron Casting
33:19 Plate Mail Armor
34:01 Coinage
33:31 Caravan
34:43 Two-Man Saw
34:26 Houfnice
39:08 Conscription
38:58 Wagenburg Tactics
41:01 Blast Furnace
39:52 Fletching
swipp
0:39 Loom
12:17 Feudal Age
15:05 Double-Bit Axe
17:27 Castle Age
15:39 Horse Collar
18:28 Bow Saw
23:47 Wheelbarrow
23:55 Heavy Plow
24:12 Stone Mining
24:35 Gold Mining
26:10 Hand Cart
29:47 Imperial Age
27:12 Fletching
28:00 Ballistics
27:42 Padded Archer Armor
28:24 Bodkin Arrow
29:23 Gold Shaft Mining
29:24 Stone Shaft Mining
29:31 Leather Archer Armor
30:15 Bloodlines
30:06 Husbandry
30:35 Bracer
31:40 Chemistry
31:31 Conscription
32:15 Ring Archer Armor
31:52 Thumb Ring
32:26 Elite Camel Archer
32:41 Light Cavalry
33:28 Scale Barding Armor
34:15 Forging
34:59 Hussar
36:01 Chain Barding Armor
36:17 Iron Casting
37:33 Plate Barding Armor
40:19 Blast Furnace
49:40 Siege Engineers
D哥
10:07 Feudal Age
12:55 Castle Age
11:08 Double-Bit Axe
12:13 Horse Collar
14:13 Bow Saw
14:18 Town Watch
20:54 Wheelbarrow
21:27 Heavy Plow
22:38 Gold Mining
23:16 Stone Mining
28:11 Imperial Age
25:26 Loom
26:28 Stone Shaft Mining
26:58 Hand Cart
27:53 Gold Shaft Mining
29:18 Conscription
29:28 Double Crossbow
31:04 Crop Rotation
32:25 Chemistry
32:12 Ballistics
31:56 Husbandry
32:07 Bloodlines
31:55 Elite Ballista Elephant
33:01 Light Cavalry
35:37 Scale Barding Armor
35:43 Forging
36:51 Chain Barding Armor
37:07 Iron Casting
36:34 Tusk Swords
36:50 Elite Battle Elephant
36:52 Hussar
38:25 Plate Barding Armor
38:52 Blast Furnace
39:03 Hoardings
49:19 Siege Engineers
49:11 Murder Holes
49:26 Fortified Wall
51:49 Fletching
52:18 Masonry
NEO
1:03 Loom
10:17 Feudal Age
14:01 Fletching
19:10 Castle Age
19:24 Double-Bit Axe
19:35 Horse Collar
21:04 Bow Saw
21:37 Fortified Wall
22:35 Guard Tower
26:51 Bodkin Arrow
30:32 Ballistics
31:46 Wheelbarrow
32:48 Heavy Plow
35:12 Hand Cart
35:27 Squires
35:12 Gambesons
35:13 Arson
39:04 Imperial Age
37:00 Gold Mining
37:00 Stone Mining
37:29 Scale Mail Armor
37:39 Forging
38:45 Chain Mail Armor
39:42 Iron Casting
39:09 Shield Wall
39:23 Elite Varangian Guard
41:16 Plate Mail Armor
49:10 Pikeman
嚴肅學習
0:26 Loom
12:08 Feudal Age
13:38 Double-Bit Axe
16:11 Castle Age
15:19 Horse Collar
19:34 Bow Saw
23:08 Wheelbarrow
22:45 Heavy Plow
27:49 Imperial Age
26:12 Gold Mining
26:33 Fortified Wall
26:07 Treadmill Crane
27:15 Hand Cart
27:19 Scale Barding Armor
27:24 Forging
28:42 Chain Barding Armor
29:18 Crop Rotation
29:52 Two-Man Saw
30:37 Chemistry
29:58 Ballistics
30:17 Husbandry
31:31 Plate Barding Armor
31:32 Iron Casting
32:07 Conscription
32:50 Logistica
32:32 Pikeman
33:13 Squires
33:15 Scale Mail Armor
33:30 Elite Skirmisher
34:15 Thumb Ring
34:02 Fletching
34:28 Chain Mail Armor
33:51 Halberdier
34:27 Halberdier
36:57 Plate Mail Armor
36:19 Fletching
36:30 Padded Archer Armor
38:14 Bodkin Arrow
38:07 Arson
38:07 Gambesons
37:45 Elite Skirmisher
38:31 Thumb Ring
40:30 Elite Cataphract
43:35 Bracer
43:51 Leather Archer Armor
45:26 Coinage
46:01 Caravan
47:44 Banking
49:25 Ring Archer Armor
56:10 Fortified Wall
cccccccccc
11:21 Feudal Age
14:30 Castle Age
15:26 Double-Bit Axe
15:27 Horse Collar
16:30 Bow Saw
17:01 Heavy Plow
22:30 Wheelbarrow
24:41 Hand Cart
25:22 Gold Mining
28:53 Imperial Age
28:05 Fletching
28:59 Bodkin Arrow
30:11 Gold Shaft Mining
29:56 Bracer
30:23 Ballistics
31:04 Chemistry
30:12 Siege Engineers
29:59 Heavy Scorpion
32:04 Double Crossbow
51:16 Bloodlines
51:06 Husbandry
50:27 Light Cavalry
52:16 Scale Barding Armor
阿姆斯特朗旋風噴射騎鯊聖熊
12:07 Feudal Age
15:35 Castle Age
13:23 Double-Bit Axe
14:25 Fletching
14:47 Horse Collar
16:34 Bow Saw
16:36 Bodkin Arrow
18:53 Gold Mining
19:43 Stone Mining
25:19 Red Cliffs Tactics
32:35 Imperial Age
30:19 Scale Mail Armor
30:54 Forging
31:23 Wheelbarrow
32:20 Chain Mail Armor
32:15 Forging
34:58 Chemistry
34:19 Ballistics
34:00 Bracer
34:24 Conscription
34:53 Elite Fire Archer
36:36 Hand Cart
37:36 Two-Man Saw
38:34 Gold Shaft Mining
39:44 Padded Archer Armor
39:28 Pikeman
41:47 Heavy Plow
44:41 Leather Archer Armor
46:54 Guilds
47:15 Caravan
52:27 Plate Mail Armor
52:32 Iron Casting
51:25 Halberdier
52:06 Squires
51:53 Arson
誰都打不過
1:06 Loom
9:42 Feudal Age
10:08 Man-at-Arms
18:29 Double-Bit Axe
20:52 Castle Age
19:08 Horse Collar
21:19 Wheelbarrow
21:53 Bow Saw
21:59 Heavy Plow
25:40 Hand Cart
28:02 Gold Mining
29:11 Guard Tower
33:38 Imperial Age
32:00 Town Watch
33:04 Gold Shaft Mining
33:40 Onager
35:09 Siege Onager
36:24 Padded Archer Armor
36:33 Siege Engineers
37:45 Northmen's Fury
39:42 Chemistry
38:09 Capped Ram
40:04 Siege Ram
41:18 Conscription
40:21 Pikeman
41:01 Squires
40:46 Gambesons
41:03 Scale Mail Armor
41:14 Forging
41:51 Halberdier
44:26 Chain Mail Armor
44:46 Iron Casting
45:40 Caravan
56:30 Masonry
Connection lost

Rejoining the realm…

Still unreachable

The connection could not be restored.

Session expired

The server has moved on; the page needs a fresh start.